 Dungeon Crawl Stone Soup version 0.29-a0-997-gf6f7e2dfe7 (webtiles) character file.

Game seed: 11547831482155044653

59 Sweeb the Cutter (level 4, -6/31 HPs)
             Began as an Octopode Monk on Aug 5, 2022.
             Killed by divine providence
             ... invoked by an orc priest
              (13 damage)
             ... on level 3 of the Dungeon.
             The game lasted 00:01:08 (1083 turns).

Sweeb the Cutter (Octopode Monk)                    Turns: 1083, Time: 00:01:08

Health: -6/31      AC:  1    Str: 12    XL:     4   Next: 3%
Magic:  4/4        EV: 14    Int: 12    God:
Gold:   56         SH:  0    Dex: 14    Spells: 3/3 levels left

rFire   . . .      SeeInvis .   a - +0 short sword
rCold   . . .      Faith    .   (no shield)
rNeg    . . .      Spirit   .   (helmet restricted)
rPois   .          Reflect  .   (no amulet)
rElec   .          Harm     .   (no ring)
rCorr   .          Rampage  .   (no ring)
Will    .....                   (no ring)
Stlth   +++.......              (no ring)
HPRegen 0.10/turn               (no ring)
MPRegen 0.09/turn               (no ring)
                                (no ring)
                                (no ring)

@: no status effects
A: almost no armour, amphibious, 8 rings, camouflage 1, gelatinous body 1,
(nimble swimmer 1), tentacles
a: no special abilities


You were on level 3 of the Dungeon.
You visited 1 branch of the dungeon, and saw 3 of its levels.

You collected 56 gold pieces.

Inventory:

Hand Weapons
 a - a +0 short sword (weapon)
Scrolls
 e - a scroll of magic mapping {unknown}
 g - a scroll of amnesia {unknown}
 h - a scroll of enchant armour {unknown}
 i - a scroll of summoning {unknown}
 k - a scroll of enchant weapon {unknown}
Potions
 b - a potion of ambrosia
 c - a potion of cancellation
 d - a potion of heal wounds {unknown}
 f - 2 potions of curing
 j - a potion of brilliance {unknown}


   Skills:
 + Level 3.4 Fighting
 * Level 3.8 Short Blades
 + Level 3.4 Dodging
 + Level 3.5 Stealth


You had 3 spell levels left.
You didn't know any spells.
Your spell library contained the following spells:

 Spells                   Type           Power      Damage    Failure   Level
 Poisonous Vapours        Pois/Air       0%         N/A       45%         2
 Portal Projectile        Hex/Tloc       0%         N/A       69%         3
 Tukima's Dance           Hex            0%         N/A       69%         3
 Corpse Rot               Necr/Pois/Air  0%         N/A       97%         4
 Blade Hands              Tmut           0%         N/A       100%        5


Dungeon Overview and Level Annotations

Branches:
Dungeon (2/15)

Altars:

Portals:
Sewer: D:3


Innate Abilities, Weirdness & Mutations

You cannot wear most types of armour.
You are amphibious.
You can wear up to eight rings at the same time.
Your skin changes colour to match your surroundings (Stealth+).
Your rubbery body absorbs attacks. (AC +1, EV +1)
((You are camouflaged when in or above water. (Stealth+)))
You have tentacles for arms and can constrict up to eight enemies at once.


Message History

You closely miss the goblin. You grab the goblin. You constrict the goblin.
The goblin hits you with a +0 club.
You hit the goblin.
You kill the goblin!
No target in view!
You hear the brisk rusting of a distant drain.
Things that are here:
a +0 hand axe; an orc corpse
k - a scroll labelled ROCANO HONAWOPN
Found a stone staircase leading down.
You hear the brisk rusting of a very distant drain.
An orc priest comes into view. It is wielding a +0 club.
Found 17 gold pieces.
The orc priest mumbles some strange prayers to Beogh against you.
Beogh smites you!
You hear a shout!
An orc priest is nearby!
You hear a shout! x2
You barely miss the orc priest. You grab the orc priest.
You constrict the orc priest, but do no damage.
The orc priest misses you.
You hit the orc priest.
The orc priest is moderately wounded.
You constrict the orc priest. The orc priest hits you with a +0 club.
An orc comes into view. It is wielding a +0 whip.
You are too injured to fight recklessly!
You are too injured to fight recklessly!
You are too injured to fight recklessly!
You hit the orc priest but do no damage.
The orc priest is moderately wounded.
You constrict the orc priest, but do no damage.
The orc priest mumbles some strange prayers to Beogh against you.
Pain shoots through your body!
* * * LOW HITPOINT WARNING * * *
You hit the orc priest.
The orc priest is heavily wounded.
You constrict the orc priest, but do no damage.
The orc priest calls down the wrath of Beogh upon you.
Beogh smites you!
You die...

###..##..##.# #.
#..###.# .. #.##
#.# .. ###.# #.#
. #...####.##
##.###.....
#......# o#
#....####o####
#...#..>@....#.
#####....!...!$#
#.........##
#........##
##########


You could see an orc priest and an orc.

Vanquished Creatures
  2 adders (D:3)
  2 dart slugs (D:1)
  3 orcs (D:3)
  A ball python (D:1)
  2 bats (D:1)
  2 endoplasms (D:1)
  3 giant cockroaches (D:1)
  4 goblins
  A hobgoblin (D:3)
  2 jackals (D:1)
  3 kobolds
  2 quokkas
  2 rats (D:1)
29 creatures vanquished.

Notes
Turn   | Place    | Note
-------+----------+-------------------------------------------
     0 | D:1      | Sweeb the Octopode Monk began the quest for the Orb.
     0 | D:1      | Reached XP level 1. HP: 16/16 MP: 1/1
    84 | D:1      | Found a faded altar of an unknown god.
   188 | D:1      | Reached XP level 2. HP: 21/21 MP: 2/2
   577 | D:1      | Reached XP level 3. HP: 26/26 MP: 3/3
   718 | D:2      | You fall into a shaft and drop 1 floor!
   758 | D:3      | Found a glowing drain.
   978 | D:3      | Reached XP level 4. HP: 24/31 MP: 4/4
  1083 | D:3      | Killed from afar by an orc priest

Illustrated notes

Levels and vault maps discovered:
D:1:      dpeg_arrival_refuge, layout_loops_ring,
          hellmonk_ecumenical_altar_lost_god
D:2:      layout_loops_ring, serial_co_window_serial, co_window_paths_b,
          co_window_paths_a, co_window_corner_a, co_window_paths_b,
          co_window_paths_a, co_window_broadway_c, co_window_2corner,
          co_window_paths_c, co_window_paths_d, glass_columns_b,
          glass_columns_a, glass_columns_a, uniq_terence
D:3:      layout_rooms, gup_sewer_entry_glass, grunt_decor_mini_mirrors,
          minmay_misc_feat_columns

Skill      XL: |  1 |
---------------+----+-----
Stealth        | 3 |  3.5
Fighting       | |  3.4
Short Blades   | |  3.8
Dodging        | |  3.4

Action                   |  1- 3 |  4- 6 || total
-------------------------+-------+-------++-------
Melee: Short sword       |    55 |     6 ||    61
       Constrict         |    14 |     2 ||    16
       Tentacles         |     7 |       ||     7
  Use: Scroll            |     2 |       ||     2
 Stab: Sleeping          |    13 |       ||    13
Armor: Skin              |     2 |       ||     2
Dodge: Dodged            |    23 |     1 ||    24

Table legend: (Time is in decaauts)
 A = Elapsed time spent in this place.
 B = Non-inter-level travel time spent in this place.
 C = Inter-level travel time spent in this place.
 D = Time resting spent in this place.
 E = Time spent auto-exploring this place.
 F = Levels seen in this place.
 G = Mean time per level.
                   A        B        C        D        E       F      G
               +--------+--------+--------+--------+--------+-----+--------+
         Total |   1078 |   1057 |     21 |      0 |    879 |   3 |  359.3 |
       Dungeon |   1078 |   1057 |     21 |      0 |    879 |   3 |  359.3 |
               +--------+--------+--------+--------+--------+-----+--------+

Top non-repeatable levels by time:
     D:1: 693 daAuts
     D:3: 362 daAuts
     D:2: 21 daAuts
